 Dungeon Crawl Stone Soup version 0.17-a0-435-gc4df345 (webtiles) character file.

6503 krae the Cleaver (level 11, -3/51 HPs)
             Began as a Vine Stalker Berserker on Apr 4, 2015.
             Was the Champion of Trog.
             Slain by a killer bee (5 damage)
             ... on level 10 of the Dungeon.
             The game lasted 00:29:02 (5864 turns).

krae the Cleaver (Vine Stalker Berserker)           Turns: 5864, Time: 00:29:02

Health: -3/51      AC: 14    Str: 20    XL:     11   Next: 0%
Magic:  0/7        EV:  8    Int:  7    God:    Trog [******]
Gold:   258        SH:  0    Dex: 19    Spells: 0 memorised, 10 levels left

rFire  + . .     SeeInvis .     k - +7 broad axe (antimagic)
rCold  . . .     Clarity  .     G - +2 chain mail {rF+}
rNeg   + . .     SustAb   .     (no shield)
rPois  .         Gourm    .     r - +0 helmet
rElec  .         Spirit   +     d - +0 cloak
rCorr  .         Warding  .     o - +0 pair of gloves
rMut   +         Stasis   .     (no boots)
MR     +....                    e - amulet of resist mutation
Stlth  ..........               J - +2 ring of slaying
                                M - ring "Weleasteil" {rN+ MP+9 Dex+2}

@: exhausted, slowed, very slow, somewhat resistant to hostile enchantments,
extremely unstealthy
A: fangs 3, regeneration 2, shaggy fur 1, magic shield, antimagic bite, no
device heal 3, rot immunity
a: Burn Spellbooks, Berserk, Trog's Hand, Brothers in Arms, Renounce Religion


You were on level 10 of the Dungeon.
You worshipped Trog.
Trog was exalted by your worship.
You were very hungry.

You visited 2 branches of the dungeon, and saw 11 of its levels.
You also visited: Sewer.

You collected 396 gold pieces.
You spent 138 gold pieces at shops.


Innate Abilities, Weirdness & Mutations

You have razor-sharp teeth.
You heal very quickly.
You are covered in fur (AC +1).
When hurt, damage is shared between your health and your magic reserves.
Your bite disrupts and absorbs the magic of your enemies.
Potions and wands cannot restore your health.
You are immune to rotting.


   Skills:
 - Level 2.6 Fighting
 + Level 14.5 Axes
 - Level 1.5 Armour
 - Level 1.5 Dodging


You had 10 spell levels left.
You didn't know any spells.

Inventory:

Hand weapons
 a - a +0 hand axe
 k - a +7 antimagic broad axe (weapon)
 I - a +0 greatsling of flaming
 P - a +1 battleaxe
Armour
 b - a +0 animal skin
 d - a +0 cloak (worn)
 l - a +0 scale mail
 o - a +0 pair of gloves (worn)
 r - a +0 helmet (worn)
 y - a +0 pair of gloves
 G - a +2 chain mail of fire resistance (worn)
 R - a +0 shield
Magical staves
 C - a staff of wizardry {unknown}
Jewellery
 e - an amulet of resist mutation (around neck)
 x - a +2 ring of intelligence
 J - a +2 ring of slaying (right hand)
 M - the ring "Weleasteil" (left hand) {rN+ MP+9 Dex+2}
   (You found it on level 7 of the Dungeon)

   [ring of positive energy]

   It affects your dexterity (+2).
   It protects you from negative energy.
   It affects your magic capacity (+9).
Magical devices
 q - a wand of confusion (30)
 u - a wand of random effects (12)
 z - a wand of paralysis (6)
 K - a wand of paralysis (9)
 O - a wand of fire (9)
Scrolls
 h - 11 scrolls of identify {@r1}
 s - 2 scrolls of fear
 v - a scroll of fog {unknown}
 D - a scroll of magic mapping
Potions
 i - 7 potions of haste {unknown}
 j - a potion of restore abilities {unknown}
 m - a potion of magic {unknown}
 n - 6 potions of curing {@q1}
 p - 2 potions of mutation {unknown}
 t - 3 potions of brilliance {unknown}
 B - a potion of flight {unknown}
 E - a potion of ambrosia {unknown}
 F - a potion of might {unknown}
 H - 2 potions of heal wounds {unknown}
Books
 A - a book of the Warp
 N - a book of Necromancy
Comestibles
 c - 5 bread rations
 f - a royal jelly
 g - 2 meat rations
 w - 2 chunks of flesh
 Q - a slice of pizza

Dungeon Overview and Level Annotations

Branches:
Dungeon (10/15)            Temple (1/1) D:4
   Lair: D:8-11         Orc: D:9-12

Altars:
Ashenzari
Dithmenos
Fedhas
Gozag
Kikubaaqudgha
Nemelex Xobeh
Okawaru
Qazlal
Ru
Sif Muna
Trog
Vehumet
Xom
Yredelemnul
Zin
The Shining One

Shops:
D:6 }   D:8 *

Annotations:
D:3 Natasha; krae's ghost, average DDFi
D:5 1 runed door

########### ####
..........# y.%.%
..........# ######yy%..%.
..........###...fyyyy...%
).........'...####yy...%.
..........##### y.%%.
######'#### .%.. ##.# ###
##..# #..## ###+#######
#.## ####.........#
##+###### #..'.........#


You could see a queen bee and 9 killer bees.


Message History

You feel invigorated.
The killer bee is heavily wounded.
You are no longer berserk.
Trog's vigour flows through your veins.
You are exhausted.
You feel yourself slow down.
You are feeling very hungry.
The killer bee stings you but does no damage.
The killer bee rages.
Drink which item? (? for menu, Esc to quit)
Okay, then.
Evoke which item? (* to show all) (? for menu, Esc to quit)
Zapping:
z - a wand of paralysis (will waste charges)
Aim: a killer bee (heavily wounded, berserk, fast, unusually strong, chance 54%)
The killer bee resists with significant effort.
Evoking this partially-identified wand wasted a few charges.
You feel sick.
The killer bee stings you but does no damage. x2
The killer bee stings you.
* * * LOW HITPOINT WARNING * * *
You are more poisoned.
The killer bee poisons you! The killer bee stings you!
* * * LOW HITPOINT WARNING * * *
The killer bee barely misses you.
Drink which item? (? for menu, Esc to quit)
You feel better.
You hear an angry buzzing noise.
The killer bee stings you but does no damage.
You hear an angry buzzing noise.
The killer bee stings you!
You die...

Action                   |  1- 3 |  4- 6 |  7- 9 | 10-12 || total
-------------------------+-------+-------+-------+-------++-------
Melee: Hand axe          |    83 |   196 |   481 |    40 ||   800
       Broad axe         |       |       |       |   129 ||   129
Invok: Berserk           |       |     1 |     2 |     1 ||     4
       Burn Spellbooks   |       |       |     2 |       ||     2
Evoke: Wand              |       |       |     1 |     1 ||     2
  Use: Scroll            |       |     1 |    12 |       ||    13
       Potion            |       |       |       |     1 ||     1
  Eat: Chunk             |       |     4 |    12 |     3 ||    19
       Pizza             |       |       |     1 |       ||     1

Vault maps used:
D:1:      lightli_arrival_maybe_door_vault, ashenzari_altar_1
D:3:      cheibriados_altar_wand_db, elyvilon_altar_5,
          nicolae_overflow_crystal_walls, first_bread, uniq_grinder, uniq_iyjb,
          uniq_natasha
D:4:      trog_eyes_of_draining, lemuel_crystal_altar, minmay_temple_entry_grid,
          portal_sewer_entry_a, lexackson_kobold_supper, uniq_robin,
          uniq_blork_the_orc
D:5:      lemuel_insect_pit, nicolae_ru_the_path_less_chosen
D:6:      serial_shops, shop
D:7:      lemuel_coloured_pillars_altar
D:8:      lemuel_round_altar, serial_shops, shop, uniq_maurice
D:10:     orc_0_dummy, special_room, serial_shops, kennysheep_little_box
Temple:   circular_temple_12
Sewer:    sewer_co_tree

Notes
Turn   | Place    | Note
--------------------------------------------------------------
     0 | D:1      | krae, the Vine Stalker Berserker, began the quest for the Orb.
     0 | D:1      | Reached XP level 1. HP: 11/11 MP: 2/2
    10 | D:1      | Reached skill level 3 in Axes
   141 | D:1      | Found a shattered altar of Ashenzari.
   159 | D:1      | Reached XP level 2. HP: 16/16 MP: 3/3
   253 | D:2      | Reached XP level 3. HP: 3/19 MP: 2/4
   303 | D:3      | Noticed Natasha
   303 | D:3      | Noticed krae's ghost (average DDFi)
   309 | D:2      | Acquired Trog's second power
   337 | D:2      | Reached skill level 4 in Axes
   676 | D:3      | Reached XP level 4. HP: 19/23 MP: 5/5
   788 | D:4      | Found a staircase to the Ecumenical Temple.
   795 | D:4      | Noticed krae's ghost (weakling OgBe)
   818 | D:4      | Noticed Blork the orc
   821 | Temple   | Entered the Ecumenical Temple
   864 | D:4      | Killed krae's ghost
   864 | D:4      | Reached skill level 5 in Axes
   864 | D:4      | Reached XP level 5. HP: 22/27 MP: 4/6
   867 | D:4      | Killed Blork the orc
   867 | D:4      | Gained mutation: You heal very quickly. [Vine Stalker growth]
   867 | D:4      | Reached XP level 6. HP: 20/32 MP: 7/7
   894 | D:4      | Noticed Robin
   905 | D:4      | Killed Robin
   905 | D:4      | Reached skill level 6 in Axes
   975 | D:4      | Found a deep blue altar of Sif Muna.
   981 | D:4      | Found a glowing drain.
  1046 | Sewer    | Entered a sewer
  1511 | Sewer    | Acquired Trog's third power
  1677 | D:4      | Reached skill level 7 in Axes
  1677 | D:4      | Reached XP level 7. HP: 35/35 MP: 6/8
  1693 | D:5      | Entered Level 5 of the Dungeon
  1893 | D:4      | Found a bloodstained altar of Trog.
  1896 | D:4      | Noticed an eye of draining
  2049 | D:5      | Noticed krae's ghost (average VSMo)
  2079 | D:5      | Killed krae's ghost
  2079 | D:5      | Reached skill level 8 in Axes
  2195 | D:6      | Gained mutation: You have razor-sharp teeth. [Vine Stalker growth]
  2195 | D:6      | Reached XP level 8. HP: 34/39 MP: 9/9
  2290 | D:5      | Found a runed door.
  2298 | D:5      | Found a runed door.
  2452 | D:5      | Reached skill level 9 in Axes
  2536 | D:5      | Found a sacrificial altar of Ru.
  2948 | D:6      | Found Qaraniep's Gadget Shop.
  3287 | D:6      | Reached skill level 10 in Axes
  3372 | D:7      | Found a sparkling altar of Nemelex Xobeh.
  3498 | D:7      | Received a gift from Trog
  3498 | D:7      | Reached XP level 9. HP: 43/43 MP: 10/10
  3858 | D:7      | Got a heavily runed tin ring
  3860 | D:7      | Identified the ring "Weleasteil" {rN+ MP+9 Dex+2} (You found it on level 7 of the Dungeon)
  3868 | D:7      | Reached skill level 11 in Axes
  4199 | D:8      | Found an iron altar of Okawaru.
  4508 | D:8      | Found Tikerax's Assorted Antiques.
  4637 | D:8      | Bought a scroll labeled NOEB JAESS for 23 gold pieces
  4638 | D:8      | Bought a bronze ring for 115 gold pieces
  4660 | D:8      | Reached skill level 12 in Axes
  4810 | D:10     | Entered Level 10 of the Dungeon
  4903 | D:8      | Noticed Maurice
  4914 | D:8      | Reached XP level 10. HP: 37/47 MP: 11/11
  4932 | D:8      | Killed Maurice
  5043 | D:8      | Reached skill level 13 in Axes
  5311 | D:9      | Received a gift from Trog
  5626 | D:9      | Reached skill level 14 in Axes
  5793 | D:10     | HP: 3/47 [two-headed ogre/giant club (12)]
  5860 | D:10     | HP: 7/70 [killer bee (1)]
  5861 | D:10     | Reached XP level 11. HP: 7/51 MP: 2/12
  5863 | D:10     | HP: 2/51 [killer bee (3)]
  5864 | D:10     | Slain by a killer bee

Vanquished Creatures
  Maurice (D:8)
  A two-headed ogre (D:10)
  8 yaks (D:9)
  A hungry ghost (D:8)
  The ghost of krae the Ruffian, an average VSMo of Cheibriados (D:5)
  A black bear (D:8)
  2 phantoms (D:7)
  4 ogres
  An orc warrior (D:7)
  A necrophage (D:9)
  5 sky beasts
  Blork the orc (D:4)
  5 giant frogs
  2 centaurs
  A gnoll sergeant (D:8)
  A big kobold (Sewer)
  The ghost of krae the Cudgeler, a weakling OgBe of Trog (D:4)
  2 scorpions
  A water moccasin skeleton (D:5)
  13 killer bees
  5 wights (D:8)
  6 goliath beetles
  2 crimson imps (D:5)
  5 hounds
  2 gnoll shamans
  A giant frog zombie (D:7)
  4 orc priests
  3 jellies
  5 orc wizards
  2 iguanas
  11 worker ants
  A hound zombie (D:7)
  2 hound skeletons
  Robin (D:4)
  12 adders
  15 gnolls
  5 river rats
  5 giant mites (D:5)
  5 worms
  2 adder skeletons (D:4)
  4 giant geckos
  5 oozes
  15 orcs
  2 ball pythons (Sewer)
  10 bats
  A bat skeleton (D:4)
  A bat zombie (D:5)
  12 giant cockroaches
  16 goblins
  10 hobgoblins
  9 quokkas
  A giant gecko skeleton (D:7)
  A giant gecko zombie (D:6)
  A giant newt (D:6)
  A giant spore (D:6)
  17 kobolds
  A quokka skeleton (D:5)
  18 rats
272 creatures vanquished.
